 Dungeon Crawl Stone Soup version 0.30-a0-626-gd6a5dd7a1f (console) character file.

Game seed: 11629321106735492958

746 Ignak the Ogre Mage (level 7, -3/67 HPs)
             Began as an Ogre Hedge Wizard on Jan 11, 2023.
             Slain by a gnoll
             ... wielding a +1 flail of protection
              (8 damage)
             ... on level 5 of the Dungeon.
             The game lasted 00:17:04 (5451 turns).

Ignak the Ogre Mage (Ogre Hedge Wizard)             Turns: 5451, Time: 00:17:05

Health: -3/67      AC:  6    Str: 15 (17) XL:     7   Next: 77%
Magic:  9/14       EV: 10    Int: 21      God:
Gold:   401        SH:  0    Dex:  8      Spells: 6/15 levels left

rFire   . . .      SeeInvis .    m - +0 war axe
rCold   . . .      Faith    .    (no shield)
rNeg    . . .      Spirit   .    b - +0 robe
rPois   .          Reflect  .    c - +0 hat
rElec   .          Harm     .    i - +2 cloak
rCorr   .          Rampage  .    (gloves unavailable)
Will    +....                    (boots unavailable)
Stlth   +                        (no amulet)
HPRegen 0.31/turn                h - +6 ring of intelligence
MPRegen 0.14/turn                t - ring of willpower

@: invisible
A: large, unfitting armour, tough skin 1
a: no special abilities


You were on level 5 of the Dungeon.
You visited 1 branch of the dungeon, and saw 5 of its levels.
You also visited: Sewer and Ossuary.

You collected 401 gold pieces.

Inventory:

Hand Weapons
 m - a +0 war axe (weapon)
Missiles
 k - 7 poisoned darts (quivered)
Armour
 b - a +0 robe (worn)
 c - a +0 hat (worn)
 i - a +2 cloak (worn)
 q - a +0 kite shield
 u - an orb of light
Jewellery
 h - a +6 ring of intelligence (left hand)
 t - a ring of willpower (right hand)
Wands
 o - a wand of roots (1)
Scrolls
 j - a scroll of summoning {unknown}
 l - 2 scrolls of blinking
 p - 4 scrolls of teleportation
 r - 4 scrolls of poison
 s - a scroll of fog {unknown}
 y - a scroll of magic mapping
Potions
 d - 2 potions of magic
 e - a potion of might {unknown}
 f - a potion of resistance
 g - 6 potions of curing
 n - a potion of haste {unknown}
 v - a potion of brilliance
 w - a potion of mutation
 x - a potion of berserk rage {unknown}


   Skills:
 + Level 3.2 Fighting
 + Level 2.0 Axes
 + Level 2.1 Armour
 + Level 3.0 Dodging
 - Level 1.4 Stealth
 * Level 2.4 Shields
 - Level 1.0 Unarmed Combat
 + Level 4.7 Spellcasting
 + Level 2.3 Conjurations
 - Level 0.8 Summonings
 - Level 2.0 Translocations
 + Level 1.7 Air Magic
 + Level 1.9 Poison Magic


You had 6 spell levels left.
You knew the following spells:

 Your Spells              Type           Power      Damage    Failure   Level
a - Magic Dart            Conj           56%        1d5       4%          1
b - Blink                 Tloc           26%        N/A       8%          2
c - Shock                 Conj/Air       52%        1d6       4%          1
d - Mephitic Cloud        Conj/Pois/Air  13%        N/A       14%         3
t - Passwall              Tmut/Erth      3%         N/A       17%         2

Your spell library contained the following spells:

 Spells                   Type           Power      Damage    Failure   Level
 Summon Small Mammal      Summ           32%        N/A       8%          1
 Cigotuvi's Dreadful Rot  Necr/Pois/Air  20%        N/A       10%         2
 Slow                     Hex            16%        N/A       11%         1
 Call Imp                 Summ           8%         N/A       12%         2
 Swiftness                Air            12%        N/A       16%         3
 Ensorcelled Hibernation  Hex/Ice        8%         N/A       17%         2
 Call Canine Familiar     Summ           8%         N/A       24%         3
 Summon Guardian Golem    Hex/Summ       6%         N/A       28%         3
 Airstrike                Air            6%         2d(1-17)  47%         4


Dungeon Overview and Level Annotations

Branches:
Dungeon (5/15)              Sewer (visited)         Ossuary (visited)
 Temple: D:4-7

Altars:
Nemelex Xobeh


Innate Abilities, Weirdness & Mutations

You are too large for most types of armour.
You have tough skin. (AC +1)


Message History

The ball explodes into a vile cloud!
The stinking cloud engulfs the gnoll but does no damage.
The gnoll is heavily wounded.
The gnoll is engulfed in noxious fumes.
The gnoll appears confused.
Unknown command.
The gnoll is engulfed in noxious fumes.
The gnoll appears confused.
The gnoll is engulfed in noxious fumes.
The gnoll appears confused.
You hit the gnoll but do no damage.
The gnoll is moderately wounded.
The gnoll hits you with a +1 flail of protection!
Casting: Mephitic Cloud (dangerous; 14% risk of failure)
Confirm with . or Enter, or press ? or * to list all spells.
Aiming: Mephitic Cloud (dangerous; 14% risk of failure)
Press: ? - help, Shift-Dir - straight line, f - gnoll, p - gnoll
Aim: a gnoll, wielding a +0 halberd (chance to affect: 91%)
The ball explodes into a vile cloud!
The stinking cloud engulfs the gnoll but does no damage. x2
The gnoll is moderately wounded.
The gnoll is engulfed in noxious fumes. x2; The gnoll appears confused.
Unknown command.
You hit the gnoll but do no damage.
The gnoll is moderately wounded.
The gnoll is engulfed in noxious fumes.
The gnoll hits you with a +1 flail of protection!
* * * LOW HITPOINT WARNING * * *
The gnoll is engulfed in noxious fumes.
The gnoll appears confused.
The gnoll hits you with a +1 flail of protection!
* * * LOW HITPOINT WARNING * * *
The gnoll is engulfed in noxious fumes.
The gnoll appears confused.
The gnoll barely misses the gnoll.
The gnoll barely misses itself.
The gnoll is engulfed in noxious fumes.
The gnoll appears confused.
You see here 18 gold pieces.
Press: ? - help, v - describe, . - travel
Here: a gnoll, wielding a +1 flail of protection (moderately wounded, confused)
The floor.
Okay, then.
Okay, then.
You fade into invisibility!
The gnoll hits you with a +1 flail of protection!
You die...

,,,,,,..................#
,,,,,,..................#
,,,,,,....J.............#
,,,,,,..................#
,,,,,,..................#
,,,,,,,.................#
**********#.#######.#.###
#.#.....#.#.#
#.#°.g@.#.#.#
#g'g._$.#.#.#
#.#.$.$.#.#.#
#.#...$.#.#.#
#.#######.#.#
#.........#.#
##..........#
############


You could see a jelly and 3 gnolls.

Vanquished Creatures
  2 black bears (D:5)
  2 kobold brigands (Sewer)
  3 iguanas
  9 mummies
  11 adders
  2 river rats (D:5)
  5 worms
  5 dart slugs
  6 orcs
  13 ball pythons
  4 bats
  10 endoplasms
  4 giant cockroaches
  5 goblins
  4 hobgoblins
  2 jackals (D:3)
  9 kobolds
  3 quokkas
  3 frilled lizards
  2 gnoll zombies (Ossuary)
  A hobgoblin zombie (D:4)
  3 kobold zombies (Ossuary)
  4 orc zombies
  9 rats
121 creatures vanquished.

Vanquished Creatures (others)
  A plant (D:2)
1 creature vanquished.

Grand Total: 122 creatures vanquished

Notes
Turn   | Place    | Note
-------+----------+-------------------------------------------
     0 | D:1      | Ignak the Ogre Hedge Wizard began the quest for the Orb.
     0 | D:1      | Reached XP level 1. HP: 16/16 MP: 5/5
   138 | D:1      | Reached skill level 1 in Conjurations
   138 | D:1      | Reached skill level 1 in Translocations
   587 | D:1      | Reached XP level 2. HP: 21/26 MP: 6/6
   598 | D:1      | Learned a level 2 spell: Blink
   600 | D:1      | Learned a level 1 spell: Shock
  1257 | D:2      | Reached XP level 3. HP: 32/32 MP: 8/8
  1261 | D:2      | Learned a level 3 spell: Mephitic Cloud
  1317 | D:2      | Learned a level 2 spell: Passwall
  1403 | D:2      | Reached skill level 1 in Fighting
  1860 | D:2      | Reached skill level 1 in Armour
  1860 | D:2      | Reached skill level 1 in Unarmed Combat
  1864 | D:2      | Reached XP level 4. HP: 41/41 MP: 7/9
  2346 | D:3      | Reached skill level 4 in Spellcasting
  3012 | D:4      | Reached XP level 5. HP: 49/49 MP: 11/11
  3308 | D:4      | Found a sand-covered staircase.
  3316 | Ossuary  | Entered an ossuary
  3391 | Ossuary  | Reached skill level 1 in Axes
  3391 | Ossuary  | Reached skill level 1 in Poison Magic
  3401 | Ossuary  | Reached XP level 6. HP: 25/57 MP: 12/12
  3402 | Ossuary  | Reached skill level 1 in Air Magic
  3731 | D:4      | Reached skill level 1 in Shields
  4261 | D:5      | Entered Level 5 of the Dungeon
  4449 | D:5      | Found a glowing drain.
  4511 | D:5      | Noticed a black bear
  4514 | Sewer    | Entered a sewer
  4727 | Sewer    | Reached XP level 7. HP: 13/66 MP: 2/13
  5384 | D:5      | Found a sparkling altar of Nemelex Xobeh.
  5451 | D:5      | Slain by a gnoll

Illustrated notes

Levels and vault maps discovered:
D:1:      dpeg_arrival_signposts, layout_loops_ring
D:2:      layout_rooms, serial_glass, glass_columns_b, glass_columns_a,
          glass_columns_b, glass_columns_c, glass_columns_a, glass_columns_b,
          glass_columns_b, glass_columns_c, glass_columns_b, glass_columns_a,
          minmay_shallow_snake_nest
D:3:      layout_basic, nicolae_hexahallways
D:4:      layout_loops_ring, nicolae_ossuary_entry_giza
D:5:      layout_basic, amcnicky_altar_gilded, portal_sewer_entry_c,
          ebering_dispersal_statue_hall, serial_park_tiny_pond

Skill      XL: |  1  2  3  4  5  6  7 |
---------------+----------------------+-----
Conjurations   | 1 2 |  2.3
Translocations | 1 2 |  2.0
Dodging        | 2 3 |  3.0
Fighting       | 1 2 3 |  3.2
Armour         | 1 2 |  2.1
Unarmed Combat | 1 |  1.0
Spellcasting   | 4 |  4.7
Axes           | 1 2 |  2.0
Poison Magic   | 1 |  1.9
Air Magic      | 1 |  1.7
Shields        | 1 2 |  2.4
Stealth        | |  1.4
Summonings     | |  0.8

Action                   |  1- 3 |  4- 6 |  7- 9 || total
-------------------------+-------+-------+-------++-------
Melee: Dagger            |    34 |       |       ||    34
       Quarterstaff      |    55 |       |       ||    55
       Punch             |     2 |       |     1 ||     3
       War axe           |    28 |   260 |    72 ||   360
Throw: Dart              |     1 |    16 |       ||    17
 Cast: Magic Dart        |     1 |       |       ||     1
       Shock             |     5 |    15 |       ||    20
       Blink             |     1 |     3 |       ||     4
       Mephitic Cloud    |       |       |     8 ||     8
       Passwall          |       |       |     1 ||     1
Evoke: Wand              |       |     8 |     1 ||     9
  Use: Potion            |       |    14 |     1 ||    15
       Scroll            |       |     8 |       ||     8
 Stab: Sleeping          |       |     5 |       ||     5
       Invisible         |       |     1 |       ||     1
Armor: Robe              |    68 |   136 |    29 ||   233
Dodge: Dodged            |    71 |   133 |    75 ||   279
Block: Kite shield       |       |    73 |     1 ||    74

Table legend: (Time is in decaauts)
 A = Elapsed time spent in this place.
 B = Non-inter-level travel time spent in this place.
 C = Inter-level travel time spent in this place.
 D = Time resting spent in this place.
 E = Time spent auto-exploring this place.
 F = Levels seen in this place.
 G = Mean time per level.
                   A        B        C        D        E       F      G
               +--------+--------+--------+--------+--------+-----+--------+
         Total |   5670 |   5545 |    125 |   1139 |   2069 |   7 |  810.0 |
       Dungeon |   4570 |   4445 |    125 |    806 |   2006 |   5 |  914.0 |
         Sewer |    741 |    741 |      0 |    220 |     63 |   1 |  741.0 |
       Ossuary |    358 |    358 |      0 |    113 |      0 |   1 |  358.0 |
               +--------+--------+--------+--------+--------+-----+--------+

Top non-repeatable levels by time:
     D:4: 1231 daAuts
     D:1: 1086 daAuts
     D:3: 973 daAuts
     D:2: 905 daAuts
   Sewer: 741 daAuts
     D:5: 373 daAuts
 Ossuary: 358 daAuts
